 Dungeon Crawl Stone Soup version 0.23-a0-386-g9c9d49f (webtiles) character file.

607 Cryolive the Digger (level 7, -8/36 HPs)
             Began as a Gargoyle Earth Elementalist on Oct 28, 2018.
             Was an Initiate of Vehumet.
             Shot with an arrow by a centaur (17 damage)
             ... on level 5 of the Dungeon.
             The game lasted 00:15:45 (4564 turns).

Cryolive the Digger (Gargoyle Earth Elementalist)   Turns: 4564, Time: 00:15:46

Health: -8/36      AC:  6    Str: 12    XL:     7   Next: 43%
Magic:  23/23      EV: 12    Int: 17    God:    Vehumet [......]
Gold:   242        SH:  0    Dex: 10    Spells: 6/15 levels left

rFire    . . .     SeeInvis .   p - +6 flail (drain)
rCold    . . .     Gourm    .   (no shield)
rNeg     + . .     Faith    .   c - +0 robe
rPois    ∞         Spirit   .   (no helmet)
rElec    +         Reflect  .   (no cloak)
rCorr    .         Harm     .   (no gloves)
MR       .....                  (no boots)
Stlth    ++........             (no amulet)
HPRegen  0.12/turn              m - ring of magical power
MPRegen  0.18/turn              (no ring)

@: no status effects
A: negative energy resistance 1, electricity resistance, unbreathing,
petrification resistance, rot immunity, AC +4
a: Renounce Religion


You were on level 5 of the Dungeon.
You worshipped Vehumet.
Vehumet was noncommittal.
You were not hungry.

You visited 2 branches of the dungeon, and saw 6 of its levels.

You collected 242 gold pieces.

Inventory:

Hand Weapons
 p - a +6 flail of draining (weapon)
Missiles
 b - 86 stones (quivered)
Armour
 c - a +0 robe (worn)
Jewellery
 m - a ring of magical power (left hand)
Wands
 q - a wand of enslavement (14)
Scrolls
 a - a scroll of immolation {unknown}
 f - 6 scrolls of teleportation
 i - a scroll of amnesia {unknown}
 j - 4 scrolls of remove curse
 l - a scroll of blinking {unknown}
 n - a scroll of fog {unknown}
 o - a scroll of enchant weapon
 s - a scroll of identify {unknown}
 t - a scroll of magic mapping {unknown}
Potions
 e - a potion of flight {unknown}
 g - a potion of lignification {unknown}
 h - 2 potions of mutation {unknown}
 k - a potion of curing
 r - a potion of berserk rage {unknown}
Comestibles
 d - 5 rations


   Skills:
 - Level 1.5 Dodging
 - Level 2.1 Stealth
 + Level 4.8 Spellcasting
 + Level 3.6 Conjurations
   Level 0.7 Transmutations
 + Level 6.8 Earth Magic


You had 6 spell levels left.
You knew the following spells:

 Your Spells              Type           Power        Failure   Level  Hunger
a - Sandblast             Erth           ####..       1%          1    None
b - Stone Arrow           Conj/Erth      ###...       4%          3    ###....
c - Lee's Rapid Deconstr  Erth           ####......   24%         5    ######.

Your spell library contained the following spells:

 Spells                   Type           Power        Failure   Level  Hunger
 Passwall                 Tmut/Erth      ###.....     4%          2    #......
 Corona                   Hex            #......      14%         1    None
 Dazzling Spray           Conj/Hex       ##....       21%         3    ###....
 Ensorcelled Hibernation  Hex/Ice        #.....       22%         2    #......
 Petrify                  Tmut/Erth      ###.....     30%         4    ####...
 Confuse                  Hex            #.......     41%         3    ###....
 Tukima's Dance           Hex            #.......     41%         3    ###....


Dungeon Overview and Level Annotations

Branches:
Dungeon (5/15)             Temple (1/1) D:5

Altars:
Ashenzari
Elyvilon
Gozag
Makhleb
Nemelex Xobeh
Okawaru
Qazlal
Ru
Sif Muna
Uskayaw
Vehumet
Wu Jian
Xom
Yredelemnul
Zin
The Shining One

Shops:
D:4 %


Innate Abilities, Weirdness & Mutations

You are resistant to torment.
Your stone body is resilient. (AC +4)
You are immune to poison.
You resist negative energy. (rN+)
You are resistant to electric shocks. (rElec)
You can survive without breathing.
You are immune to petrification.
You are immune to rotting.


Message History

You see here 2 arrows.
The centaur shoots an arrow.
The arrow hits you!
Casting: Stone Arrow (safe; 4% risk of failure)
Confirm with . or Enter, or press ? or * to list all spells.
You can't see any susceptible monsters within range! (Use Z to cast anyway.)
Casting: Stone Arrow (safe; 4% risk of failure)
Confirm with . or Enter, or press ? or * to list all spells.
You don't know that spell.
You feel better.
The centaur shoots an arrow.
The arrow barely misses you.
The centaur shoots an arrow.
The arrow hits you but does no damage.
The centaur shoots an arrow.
The arrow hits you!
You see here an arrow.
The centaur shoots an arrow.
The arrow hits you but does no damage.
The centaur shoots an arrow.
The arrow hits you!
* * * LOW HITPOINT WARNING * * *
You feel better.
The centaur shoots an arrow.
The arrow hits you.
* * * LOW HITPOINT WARNING * * *
The centaur shoots an arrow.
The arrow hits you!
You die...

..........# #.
.........c# +...
..........# ##+#..
..........##
#....##########...(#
#....+........#..((#
#...#.8.#.....#...(#
#............<#....+
#...8.>.8.....#@...#
+#........#.####....#
<..###.8.##.#....####
...#........+....+
...#........#....#
...###..##..#<...####
.... #..##..#........
.....#......'........
.....#......#.).......


You could see a centaur.

Vanquished Creatures
  Grinder (D:4)
  Blork the orc (D:4)
  A howler monkey (D:4)
  2 orc wizards (D:3)
  Ijyb (D:4)
  Terence (D:3)
  2 worker ants
  A hound skeleton (D:4)
  5 adders
  A howler monkey skeleton (D:4)
  2 worms (D:2)
  2 dart slugs (D:1)
  2 leopard geckos
  6 orcs
  3 giant cockroaches
  7 hobgoblins
  A quokka (D:3)
  6 bats
  4 frilled lizards
  11 goblins
  A jackal skeleton (D:4)
  5 kobolds
  A leopard gecko skeleton (D:4)
  9 rats
76 creatures vanquished.

Notes
Turn   | Place    | Note
-------+----------+-------------------------------------------
     0 | D:1      | Cryolive the Gargoyle Earth Elementalist began the quest
                  | for the Orb.
     0 | D:1      | Reached XP level 1. HP: 10/10 MP: 3/3
   265 | D:1      | Reached skill level 4 in Earth Magic
   265 | D:1      | Reached XP level 2. HP: 15/15 MP: 5/5
   731 | D:1      | Reached XP level 3. HP: 17/19 MP: 6/6
   736 | D:1      | Learned a level 3 spell: Stone Arrow
   877 | D:2      | Found a faded altar of an unknown god.
  1197 | D:2      | Found a sparkling altar of Nemelex Xobeh.
  1605 | D:3      | Reached XP level 4. HP: 19/24 MP: 8/8
  2046 | D:3      | Reached skill level 5 in Earth Magic
  2113 | D:3      | Found a burning altar of Makhleb.
  2122 | D:3      | Reached XP level 5. HP: 25/28 MP: 10/10
  2325 | D:3      | Found a sacrificial altar of Ru.
  2326 | D:3      | Noticed Terence
  2360 | D:3      | Killed Terence
  2364 | D:3      | Reached skill level 1 in Conjurations
  2941 | D:4      | Noticed Grinder
  2952 | D:4      | HP: 1/28 [Grinder (1)]
  2953 | D:4      | Killed Grinder
  2953 | D:4      | Reached skill level 6 in Earth Magic
  2953 | D:4      | Reached XP level 6. HP: 1/32 MP: 0/12
  2960 | D:4      | Learned a level 5 spell: Lee's Rapid Deconstruction
  3311 | D:4      | Noticed Ijyb
  3317 | D:4      | Killed Ijyb
  3317 | D:4      | Reached XP level 7. HP: 36/36 MP: 12/13
  3449 | D:4      | Noticed Blork the orc
  3640 | D:4      | Killed Blork the orc
  4114 | D:4      | Found Jafuthou's Food Shop.
  4314 | D:5      | Entered Level 5 of the Dungeon
  4314 | D:5      | Found a staircase to the Ecumenical Temple.
  4323 | Temple   | Entered the Ecumenical Temple
  4487 | Temple   | Became a worshipper of Vehumet
  4564 | D:5      | Shot with an arrow by a centaur

Vault maps used:
D:1:      dpeg_arrival_line_fractal
D:2:      nemelex_altar_shiori, chequers_ecumenical_altar_simple
D:3:      nicolae_ru_great_annihilating_truth, old_standard_altar, uniq_terence
D:4:      serial_shops, nicolae_shop_trees, uniq_blork_the_orc, uniq_grinder,
          uniq_ijyb
D:5:      minmay_temple_entry_statues_pillars, first_ration
Temple:   regret_index_temple_generic_petals

Skill      XL: |  1  2  3  4  5  6 |
---------------+-------------------+-----
Earth Magic    | 4 5 6 |  6.8
Spellcasting   | 3 4 |  4.8
Conjurations   | 2 3 |  3.6
Dodging        | |  1.5
Stealth        | |  2.1
Transmutations | |  0.7

Action                   |  1- 3 |  4- 6 |  7- 9 || total
-------------------------+-------+-------+-------++-------
Melee: Whip              |   115 |    53 |       ||   168
       Unarmed           |    12 |       |       ||    12
       Club              |     1 |       |       ||     1
       Flail             |       |    21 |    21 ||    42
 Cast: Sandblast         |    17 |    30 |     1 ||    48
       Stone Arrow       |       |     9 |    12 ||    21
  Use: Scroll            |       |     3 |       ||     3
       Potion            |       |     1 |     2 ||     3
 Stab: Sleeping          |     5 |     2 |       ||     7
  Eat: Chunk             |     2 |     5 |     1 ||     8
       Ration            |       |     1 |     1 ||     2
Armor: Robe              |    41 |    25 |     8 ||    74
Dodge: Dodged            |    91 |    57 |    28 ||   176

Table legend:
 A = Non-vault XP
 B = Vault XP
 C = Vault XP percentage of total XP
 D = Non-vault monster count
 E = Vault monster count
 F = Vault count percentage of total count
                 A         B        C        D         E       F
            +---------+---------+-------+---------+---------+-------
      Total |     371 |     497 |  57.3 |      69 |       7 |   9.2
            +---------+---------+-------+---------+---------+-------
        D:1 |      35 |       0 |   0.0 |      21 |       0 |   0.0
        D:2 |      45 |       0 |   0.0 |      15 |       0 |   0.0
        D:3 |     139 |      80 |  36.5 |      23 |       4 |  14.8
        D:4 |     119 |     417 |  77.8 |       9 |       3 |  25.0
        D:5 |      33 |       0 |   0.0 |       1 |       0 |   0.0
            +---------+---------+-------+---------+---------+-------
